 Seeded DCSS version 0.24.0-41-g2ae2f7f1be (console) character file.

Game seed: 93891015573, levelgen mode: deterministic

21973 Kagalorn the Spear-Bearer (level 13, -4/88 HPs)
             Began as a Human Hunter on Dec 11, 2019.
             Was the Champion of Hepliaklqana.
             Killed from afar by a fire dragon (11 damage)
             ... with a blast of flame
             ... on level 1 of the Lair of Beasts.
             The game lasted 00:54:53 (14598 turns).

Kagalorn the Spear-Bearer (Human Hunter)           Turns: 14598, Time: 00:54:53

Health: -4/88      AC: 12    Str: 12    XL:     13   Next: 24%
Magic:  17/17      EV: 32    Int: 17    God:    Hepliaklqana [******]
Gold:   628        SH:  0    Dex: 14    Spells: 8/12 levels left

rFire    + . .     SeeInvis +   a - +0 halberd
rCold    . . .     Gourm    .   (shield currently unavailable)
rNeg     . . .     Faith    .   C - +0 scale mail
rPois    .         Spirit   .   h - +0 helmet
rElec    .         Reflect  .   S - +2 cloak
rCorr    .         Harm     .   (no gloves)
MR       .....                  (no boots)
Stlth    ..........             N - amulet of the acrobat
HPRegen  0.24/turn              s - +6 ring of evasion
MPRegen  0.15/turn              H - ring of Wielij {rF+ SInv}

@: acrobat
A: reduced essence
a: Recall Ancestor, Ancestor Identity, Transference, Idealise, Renounce Religion


You were on level 1 of the Lair of Beasts.
You worshipped Hepliaklqana.
Hepliaklqana was exalted by your worship.
You were near starving.

You visited 3 branches of the dungeon, and saw 14 of its levels.

You collected 866 gold pieces.
You spent 238 gold pieces at shops.

Inventory:

Hand Weapons
 a - a +0 halberd (weapon)
 b - a +0 hunting sling
 w - a +2 flail of crushing
Missiles
 c - 4 javelins (quivered)
 d - 5 throwing nets
 k - 383 stones
 m - 119 sling bullets
 q - 37 poisoned darts
Armour
 h - a +0 helmet (worn)
 C - a +0 scale mail (worn)
 S - a +2 cloak (worn)
Jewellery
 e - an uncursed ring of ice
 s - a +6 ring of evasion (left hand)
 x - an uncursed amulet of rage
 y - an uncursed ring of protection from cold
 H - the ring of Wielij (right hand) {rF+ SInv}
   (You found it on level 5 of the Dungeon)

   [ring of protection from fire]

   It protects you from fire.
   It lets you see invisible.
 I - an uncursed ring of wizardry
 N - an amulet of the acrobat (around neck)
 O - an uncursed ring of protection from magic
Wands
 v - a wand of flame (15)
 D - a wand of acid (4)
 M - a wand of paralysis (7)
 R - a wand of clouds (6)
 U - a wand of digging (4)
Scrolls
 g - a scroll of fear {unknown}
 i - 2 scrolls of magic mapping
 j - 3 scrolls of enchant weapon
 o - 7 scrolls of remove curse
 t - 5 scrolls of teleportation
 u - 4 scrolls of amnesia
 z - 2 scrolls of enchant armour
 K - 2 scrolls of fog
 W - a scroll of noise {unknown}
Potions
 l - a potion of cancellation
 n - 4 potions of haste
 p - 6 potions of flight
 r - a potion of ambrosia
 A - 4 potions of curing
 B - a potion of magic
 E - a potion of might
 F - a potion of mutation
 G - 3 potions of agility
 J - a potion of heal wounds
 L - 5 potions of brilliance
 P - a potion of invisibility
 Q - 3 potions of lignification
 T - a potion of berserk rage {unknown}
Comestibles
 f - 5 rations


   Skills:
 + Level 8.0 Fighting
 + Level 12.6 Polearms
 - Level 10.0 Throwing
 + Level 6.8 Armour
 + Level 4.7 Dodging
 - Level 1.0 Stealth
 * Level 5.6 Summonings
 - Level 4.0 Air Magic
 * Level 6.0 Invocations


You had 8 spell levels left.
You knew the following spells:

 Your Spells              Type           Power        Failure   Level  Hunger
d - Summon Lightning Spi  Summ/Air       ###.....     80%         4    #####..

Your spell library contained the following spells:

 Spells                   Type           Power        Failure   Level  Hunger
 Summon Small Mammal      Summ           ###.         10%         1    ##.....
 Call Imp                 Summ           ###.....     14%         2    ###....
 Call Canine Familiar     Summ           ###.....     28%         3    ####...
 Summon Guardian Golem    Hex/Summ       #.......     67%         3    ####...
 Beastly Appendage        Tmut           #.....       69%         1    ##.....
 Sticks to Snakes         Tmut           #.......     83%         2    ###....
 Sublimation of Blood     Necr           #.........   83%         2    ###....
 Ignite Poison            Fire/Tmut/Pois #.......     96%         3    ####...
 Spider Form              Tmut/Pois      #.........   96%         3    ####...
 Summon Ice Beast         Ice/Summ       #.......     97%         4    #####..
 Ice Form                 Ice/Tmut       #.......     100%        4    #####..
 Petrify                  Tmut/Erth      #.......     100%        4    #####..
 Alistair's Intoxication  Tmut/Pois      #.......     100%        5    ######.
 Blade Hands              Tmut           #.........   100%        5    ######.
 Irradiate                Conj/Tmut      #.........   100%        5    ######.
 Hydra Form               Tmut           #.........   100%        6    #######
 Statue Form              Tmut/Erth      #........    100%        6    #######
 Dragon Form              Tmut           #.........   100%        7    #######


Dungeon Overview and Level Annotations

Branches:
Dungeon (12/15)            Temple (1/1) D:5            Lair (1/6) D:11
    Orc (0/2) D:10

Altars:
Ashenzari
Cheibriados
Dithmenos
Elyvilon
Fedhas
Gozag
Hepliaklqana
Kikubaaqudgha
Makhleb
Nemelex Xobeh
Okawaru
Qazlal
Ru
Sif Muna
Trog
Uskayaw
Vehumet
Wu Jian
Xom
Yredelemnul
Zin
The Shining One
Lugonu

Shops:
D:6 !   D:7 [   D:10 =   D:11 }[=   D:12 :

Annotations:
Lair:1 1 runed translucent door, Purph's ghost, journeyman MiBe


Message History

The fire dragon tramples you but does no damage.
Flandur hits the fire dragon with a +0 flail!
Flandur hits the fire dragon with a +0 flail!
The fire dragon breathes flames at you. The blast of flame hits you!
You resist.
* * * LOW HITPOINT WARNING * * *
Flandur barely misses the fire dragon.
Flandur barely misses the fire dragon.
Flandur hits the fire dragon with a +0 flail.
The fire dragon closely misses Flandur.
The fire dragon claws Flandur.
The fire dragon tramples Flandur but does no damage.
You hit the fire dragon but do no damage.
The fire dragon is severely wounded.
The fire dragon bites you.
* * * LOW HITPOINT WARNING * * *
The fire dragon claws you but does no damage.
The fire dragon misses you.
Flandur closely misses the fire dragon.
The fire dragon breathes flames at you. The blast of flame hits you!
You resist.
You die...

.......R#.###..##
#####R##### #### #####.#
#.RR.# #.#### #.##
######### #.R#
####...≈≈≈≈# ##.######
##.......≈≈≈#
#......#####..@.....≈≈≈≈
######........RD...≈≈≈≈≈
#####.........≈≈(≈$
###......≈≈(..$
##....≈≈≈....
###..≈≈≈≈... ##########


You could see the friendly Flandur the knight and a fire dragon.

Vanquished Creatures
  Nessos (D:12)
  A hydra (Lair:1)
  2 two-headed ogres
  Nergalle (D:12)
  An unseen horror (D:12)
  Pikel (D:5)
  A cyclops (D:12)
  A manticore (D:11)
  Joseph (D:7)
  A gargoyle (D:11)
  A kobold demonologist (D:10)
  A komodo dragon (D:11)
  A shadow (D:11)
  7 yaks
  A basilisk (D:12)
  3 porcupines (D:11)
  2 orc warriors
  3 water moccasins (Lair:1)
  2 black bears
  2 ice beasts (D:12)
  2 sky beasts
  An eye of draining (D:12)
  An ogre (D:10)
  A phantom (D:5)
  4 wolves
  3 centaurs
  3 crocodiles (Lair:1)
  3 big kobolds
  A wyvern zombie (D:9)
  7 bullfrogs
  3 scorpions (D:8)
  A water moccasin skeleton (D:6)
  6 killer bees
  2 wights (D:10)
  3 howler monkeys (D:11)
  2 crimson imps (D:5)
  A bullfrog zombie (D:9)
  A centaur skeleton (D:8)
  2 hounds
  A jelly (D:12)
  7 orc priests
  A bullfrog skeleton (D:6)
  An iguana (D:11)
  4 orc wizards
  3 worker ants
  A hound zombie (D:9)
  A hound skeleton (D:7)
  Robin (D:2)
  A howler monkey zombie (D:8)
  A worker ant zombie (D:9)
  6 gnolls
  5 adders
  A shadow imp (D:10)
  An adder skeleton (D:8)
  5 worms
  4 dart slugs
  2 leopard geckos (D:6)
  27 orcs
  6 giant cockroaches
  9 goblins
  11 hobgoblins
  7 jackals
  4 quokkas
  13 bats
  7 frilled lizards
  15 kobolds
  A leopard gecko skeleton (D:5)
  4 rats
231 creatures vanquished.

Vanquished Creatures (collateral kills)
  A hydra (D:11)
  2 two-headed ogres
  An unseen horror (D:12)
  An ugly thing (D:11)
  2 gargoyles
  A centaur skeleton (D:12)
  16 yaks
  A wyvern (Lair:1)
  4 orc warriors
  2 porcupines (D:11)
  A hornet zombie (D:12)
  An ice beast (D:10)
  A phantom (D:10)
  A sky beast (D:7)
  A necrophage (D:12)
  2 ogres
  2 wolves
  5 centaurs
  4 bullfrogs
  2 big kobolds (D:8)
  Blork the orc (D:5)
  5 scorpions
  5 killer bees
  3 wights (D:10)
  A howler monkey (D:12)
  A crimson imp (D:6)
  A hound (D:9)
  3 jellies
  5 orc priests
  5 orc wizards
  2 bullfrog skeletons
  An iguana (D:9)
  4 worker ants
  A killer bee zombie (D:5)
  8 gnolls
  6 adders
  An ooze (D:2)
  An adder skeleton (D:8)
  A worm (D:3)
  2 leopard geckos
  25 orcs
  3 bats
  3 giant cockroaches
  2 goblins (D:2)
  7 hobgoblins
  3 jackals
  A quokka (D:4)
  9 kobolds
  A rat (D:2)
162 creatures vanquished.

Vanquished Creatures (others)
  13 knights
  A giant cockroach (D:3)
  3 ancestors (D:2)
  9 fungi
  7 plants (D:11)
33 creatures vanquished.

Grand Total: 426 creatures vanquished

Notes
Turn   | Place    | Note
-------+----------+-------------------------------------------
     0 | D:1      | Kagalorn the Human Hunter began the quest for the Orb.
     0 | D:1      | Reached XP level 1. HP: 16/16 MP: 1/1
   471 | D:1      | Reached XP level 2. HP: 22/22 MP: 2/2
   617 | D:1      | Reached XP level 3. HP: 25/27 MP: 3/3
   822 | D:2      | Noticed Robin
   951 | D:2      | Found a faded altar of an unknown god.
   962 | D:2      | Became a worshipper of Hepliaklqana the Forgotten
   962 | D:2      | Reached * piety under Hepliaklqana
   999 | D:2      | Reached skill level 5 in Throwing
  1224 | D:2      | Reached XP level 4. HP: 23/29 MP: 4/4
  1637 | D:2      | Reached XP level 5. HP: 34/35 MP: 5/5
  1827 | D:2      | Killed Robin
  1898 | D:2      | You fall into a shaft and drop 2 floors!
  2144 | D:4      | Reached ** piety under Hepliaklqana
  2151 | D:4      | Found a hide-covered altar of Uskayaw.
  2152 | D:4      | Noticed a +0 dagger
  2153 | D:4      | Noticed a -2 hand axe
  2306 | D:3      | Remembered your ancestor Flandur as a knight
  2451 | D:3      | Reached XP level 6. HP: 18/41 MP: 6/6
  2585 | D:3      | Found an ancient bone altar of Kikubaaqudgha.
  2705 | D:3      | Found a bloodstained altar of Trog.
  2806 | D:3      | Found a shadowy altar of Dithmenos.
  2946 | D:3      | Found a radiant altar of Vehumet.
  3710 | D:5      | Entered Level 5 of the Dungeon
  3748 | D:5      | Reached skill level 1 in Polearms
  3784 | D:5      | Noticed a slave
  3785 | D:5      | Noticed Pikel
  3786 | D:5      | Noticed a slave
  3789 | D:5      | Noticed a slave
  3790 | D:5      | Noticed a slave
  3803 | D:5      | Killed Pikel
  3803 | D:5      | Reached skill level 4 in Polearms
  3803 | D:5      | Reached XP level 7. HP: 31/49 MP: 7/7
  3803 | D:5      | Reached XP level 8. HP: 34/54 MP: 8/8
  4046 | D:5      | Found a burning altar of Makhleb.
  4117 | D:5      | Reached *** piety under Hepliaklqana
  4209 | D:5      | Found a staircase to the Ecumenical Temple.
  4221 | Temple   | Entered the Ecumenical Temple
  4277 | D:5      | Got a brightly glowing bone ring
  4278 | D:5      | Identified the ring of Wielij {rF+ SInv} (You found it on
                  | level 5 of the Dungeon)
  4285 | D:5      | Noticed Blork the orc
  4297 | D:5      | Killed Blork the orc
  4323 | D:5      | Reached skill level 5 in Polearms
  4366 | D:5      | You fall into a shaft and drop 3 floors!
  4463 | D:8      | Reached skill level 5 in Fighting
  4608 | D:8      | Noticed a two-headed ogre
  4700 | D:8      | Reached skill level 6 in Polearms
  4801 | D:8      | Reached XP level 9. HP: 25/61 MP: 9/9
  4864 | D:8      | Killed a two-headed ogre
  4864 | D:8      | Reached skill level 8 in Polearms
  5189 | D:8      | Found a shimmering blue altar of Sif Muna.
  5348 | D:8      | Reached skill level 9 in Polearms
  5757 | D:8      | Reached XP level 10. HP: 50/66 MP: 10/10
  5886 | D:8      | Found a sparkling altar of Nemelex Xobeh.
  5889 | D:8      | Found a basalt altar of Yredelemnul.
  5894 | D:8      | Found a glowing golden altar of the Shining One.
  5984 | D:8      | Reached skill level 1 in Armour
  6033 | D:8      | Found the +7 Singing Sword {slice, sonic wave}
  6128 | D:7      | Found a white marble altar of Elyvilon.
  6271 | D:7      | Reached **** piety under Hepliaklqana
  6273 | D:7      | Noticed Joseph
  6463 | D:6      | Found Ucwymifa's Distillery.
  6485 | D:6      | Bought a potion of flight for 42 gold pieces
  6485 | D:6      | Bought a potion of agility for 56 gold pieces
  6485 | D:6      | Bought a potion of curing for 42 gold pieces
  6485 | D:6      | Bought a potion of lignification for 42 gold pieces
  6485 | D:6      | Bought a potion of brilliance for 56 gold pieces
  6748 | D:6      | Found an ornate altar of the Wu Jian Council.
  6766 | D:6      | Reached skill level 10 in Polearms
  7307 | D:5      | Found a blossoming altar of Fedhas.
  7318 | D:5      | Found a shimmering altar of Xom.
  7599 | D:7      | Killed Joseph
  7717 | D:7      | Found Tauguuhicw's Antique Armour Shoppe.
  7735 | D:7      | Learned a level 4 spell: Summon Lightning Spire
  7859 | D:7      | Reached skill level 1 in Summonings
  7859 | D:7      | Reached skill level 1 in Air Magic
  8125 | D:7      | Found a hazy altar of Hepliaklqana.
  8458 | D:7      | Reached ***** piety under Hepliaklqana
  8750 | D:9      | Found a glowing silver altar of Zin.
  8813 | D:9      | Noticed a two-headed ogre
  8830 | D:9      | Killed a two-headed ogre
  8830 | D:9      | Reached skill level 1 in Invocations
  8830 | D:9      | Reached XP level 11. HP: 61/72 MP: 11/11
  9243 | D:10     | Entered Level 10 of the Dungeon
  9326 | D:10     | Reached skill level 11 in Polearms
  9813 | D:10     | Found a staircase to the Orcish Mines.
 10178 | D:11     | Noticed a manticore
 10203 | D:11     | Killed a manticore
 10969 | D:11     | Found Conwiudd's Antique Armour Boutique.
 11004 | D:11     | Found Issul's Jewellery Emporium.
 11462 | D:11     | Reached XP level 12. HP: 60/80 MP: 14/14
 11490 | D:11     | Reached skill level 10 in Throwing
 11606 | D:11     | Found a staircase to the Lair.
 11838 | D:11     | Reached skill level 5 in Armour
 11850 | D:11     | Found Ziokhly's Gadget Shop.
 11937 | D:11     | Noticed a two-headed ogre
 11956 | D:11     | Killed a two-headed ogre
 12266 | D:12     | Noticed an unseen horror
 12295 | D:12     | Noticed an unseen horror
 12295 | D:12     | Noticed Nergalle
 12298 | D:12     | Noticed Nessos
 12299 | D:12     | Killed an unseen horror
 12681 | D:12     | Killed Nergalle
 12684 | D:12     | Reached skill level 12 in Polearms
 12799 | D:12     | Killed Nessos
 12799 | D:12     | Reached skill level 5 in Invocations
 12822 | D:12     | Killed an unseen horror
 12829 | D:12     | Found Xoobb's Book Boutique.
 12995 | D:12     | Noticed a two-headed ogre
 13022 | D:12     | Killed a two-headed ogre
 13022 | D:12     | Reached skill level 5 in Summonings
 13244 | Lair:1   | Entered Level 1 of the Lair of Beasts
 13479 | Lair:1   | Reached XP level 13. HP: 65/88 MP: 17/17
 13537 | Lair:1   | Noticed a seven-headed hydra
 13683 | D:11     | Killed a seven-headed hydra
 14060 | Lair:1   | Found a runed translucent door.
 14064 | Lair:1   | Noticed Purph's ghost (journeyman MiBe)
 14414 | Lair:1   | Reached ****** piety under Hepliaklqana
 14483 | Lair:1   | Noticed an eight-headed hydra
 14498 | Lair:1   | Killed a nine-headed hydra
 14570 | Lair:1   | Noticed a fire dragon
 14598 | Lair:1   | Killed from afar by a fire dragon

Levels and vault maps discovered:
D:1:      minmay_arrival_four_houses, layout_loops_ring,
          hangedman_feature_mirror
D:2:      layout_loops_ring, chequers_ecumenical_altar_simple, uniq_robin
D:3:      layout_loops_corners, fiery_altar_vehumet, lemuel_round_altar,
          kiku_gazebo_garden_becter, lemuel_coloured_pillars_altar, first_ration
D:4:      layout_rooms, dancing_weapons_uskayaw, serial_forest,
          infiniplex_forest_zigzag_2, infiniplex_forest_clump_small,
          infiniplex_forest_clump_medium, infiniplex_forest_zigzag_1,
          infiniplex_forest_clump_double
D:5:      layout_basic, lemuel_crystal_altar, kennysheep_mini,
          minmay_temple_entry_mini_moons, basic_altar, uniq_blork_the_orc,
          uniq_pikel
D:6:      layout_loops_corners, lemuel_crystal_altar, serial_shops,
          shop_fountains, serial_rivers, chequers_serial_rivers_room_b,
          chequers_serial_rivers_micro_b, chequers_serial_rivers_micro_e,
          chequers_serial_rivers_micro_c
D:7:      layout_basic, lemuel_crystal_altar, elyvilon_altar_5, serial_shops,
          nicolae_shop_trees, uniq_joseph
D:8:      old_forge, layout_basic, grunt_temple_overflow_diamond,
          lemuel_doored_altar
D:9:      layout_big_octagon, zin_treasury
D:10:     layout_basic, orc_david_3
D:11:     layout_basic, grunt_lair_entry_orc_guard_hut, serial_shops, shop,
          shop_coins, shop
D:12:     layout_small_grid, serial_shops, nicolae_shop_crystal, uniq_nergalle,
          uniq_nessos
Temple:   corrupted_temple
Lair:1:   dragon1_lemuel, layout_cave_pods, ebering_ghost_reflecting_pool

Skill      XL: |  1  2  3  4  5  6  7  8  9 10 11 12 13 |
---------------+----------------------------------------+-----
Throwing       | 5 6 7 8 9 10 | 10.0
Fighting       | 4 5 6 7 8 |  8.0
Polearms       | 4 6 9 10 11 12 | 12.6
Armour         | 3 4 6 |  6.8
Summonings     | 2 3 5 |  5.6
Air Magic      | 2 3 4 |  4.0
Invocations    | 1 3 5 6 |  6.0
Dodging        | 3 4 |  4.7
Stealth        | |  1.0

Action                   |  1- 3 |  4- 6 |  7- 9 | 10-12 | 13-15 || total
-------------------------+-------+-------+-------+-------+-------++-------
Melee: Short sword       |    88 |   156 |       |       |       ||   244
       Trident           |       |    66 |   215 |  1085 |    38 ||  1404
       Halberd           |       |       |       |       |    52 ||    52
Throw: Dart              |     3 |    10 |       |       |       ||    13
       Javelin           |       |       |       |       |     2 ||     2
Invok: Ancestor Identity |     1 |       |       |       |       ||     1
       Recall Ancestor   |       |     2 |     2 |     5 |     1 ||    10
       Ancestor Life: Kn |       |     1 |       |       |       ||     1
 Abil: Evoke Berserk Rag |       |     1 |     2 |     3 |       ||     6
Evoke: Wand              |       |     2 |     1 |     2 |     2 ||     7
  Use: Scroll            |       |       |     2 |    17 |       ||    19
 Stab: Sleeping          |     2 |     1 |       |       |       ||     3
       Paralysed         |       |     2 |       |     9 |       ||    11
       Distracted        |       |     1 |     2 |    11 |       ||    14
       Held in net/web   |       |       |       |     1 |       ||     1
  Eat: Chunk             |       |     9 |     7 |    22 |     2 ||    40
       Ration            |       |       |     1 |     2 |       ||     3
Armor: Leather armour    |    43 |    45 |       |       |       ||    88
       Scale mail        |       |     9 |    51 |   224 |    27 ||   311
Dodge: Dodged            |    70 |   147 |    59 |   469 |    91 ||   836
